 Dungeon Crawl Stone Soup version 0.23.2-1-ga50397a (webtiles) character file.

Game seed: 5106002915984957938

52682 cornflour the Warrior (level 15, -5/105 HPs)
             Began as a Kobold Berserker on May 22, 2019.
             Was the Champion of Trog.
             Killed from afar by a deep elf mage (6 damage)
             ... with a bolt of negative energy
             ... on level 12 of the Dungeon on May 23, 2019.
             The game lasted 02:03:13 (24191 turns).

cornflour the Warrior (Kobold Berserker)           Turns: 24191, Time: 02:03:13

Health: -5/105     AC: 29    Str: 17    XL:     15   Next: 7%
Magic:  0/20       EV: 18    Int:  8    God:    Trog [******]
Gold:   1138       SH:  0    Dex: 21    Spells: 14/14 levels left

rFire    + . .     SeeInvis .   M - +10 dagger of Nofrenge {pierce, rElec rF+}
rCold    . . .     Gourm    .   (shield restricted)
rNeg     . . .     Faith    .   y - +7 chain mail of the Past {rPois MR+}
rPois    +         Spirit   +   V - +2 hat
rElec    +         Reflect  .   o - scarf {Spirit}
rCorr    +         Harm     .   (no gloves)
MR       ++...                  w - +1 pair of boots
Stlth    ..........             (no amulet)
HPRegen  0.27/turn              N - +5 ring of protection
MPRegen  0.17/turn              A - ring of resist corrosion

@: lightly drained
A: small, molten scales 1, carnivore, strong 1
a: Berserk, Trog's Hand, Brothers in Arms, Renounce Religion


You were on level 12 of the Dungeon.
You worshipped Trog.
Trog was exalted by your worship.
You were very full.

You visited 3 branches of the dungeon, and saw 19 of its levels.
You also visited: Ice Cave.

You collected 1138 gold pieces.

Inventory:

Hand Weapons
 C - a +6 antimagic dagger
 M - the +10 dagger of Nofrenge (weapon) {pierce, rElec rF+}
   (Trog gifted it to you on level 9 of the Dungeon)

   It inflicts extra damage upon your enemies.
   It protects you from fire.
   It insulates you from electricity.
Missiles
 D - 5 silver tomahawks (quivered)
 W - 5 tomahawks of dispersal
Armour
 o - a scarf of spirit shield (worn)
 w - a +1 pair of boots (worn)
 y - the +7 chain mail of the Past (worn) {rPois MR+}
   (You found it on level 8 of the Dungeon)

   It protects you from poison.
   It affects your resistance to hostile enchantments.
 U - the +5 robe of Night {Dark MR+ SInv}
   (You found it on level 1 of the Lair of Beasts)

   It affects your resistance to hostile enchantments.
   It lets you see invisible.
 V - a +2 hat (worn)
Jewellery
 l - a +2 ring of evasion
 A - a ring of resist corrosion (right hand)
 I - an uncursed ring of stealth
 N - a +5 ring of protection (left hand)
Wands
 m - a wand of digging (3)
 r - a wand of disintegration (12)
 F - a wand of scattershot (3)
 T - a wand of random effects (22)
Scrolls
 d - a scroll of blinking
 g - 12 scrolls of identify
 h - 13 scrolls of remove curse
 p - 2 scrolls of noise {unknown}
 s - a scroll of enchant weapon
 t - 3 scrolls of teleportation
 u - 4 scrolls of fog {unknown}
 v - 5 scrolls of fear
 E - 2 scrolls of magic mapping
 G - a scroll of acquirement {unknown}
Potions
 a - a potion of degeneration {unknown}
 b - 2 potions of resistance
 e - 3 potions of haste
 f - 2 potions of agility
 i - 17 potions of curing {unknown}
 j - a potion of heal wounds
 k - a potion of brilliance {unknown}
 q - a potion of flight {unknown}
 z - 2 potions of might
 L - 2 potions of magic {unknown}
Miscellaneous
 n - a phial of floods
Comestibles
 c - 32 rations
 x - 3 chunks of flesh


   Skills:
 + Level 16.4(15.8) Fighting
 - Level 14.2(13.6) Short Blades
   Level 0.9(0.5) Maces & Flails
 - Level 2.2(1.8) Throwing
 + Level 10.0(9.5) Armour
 + Level 12.3(11.7) Dodging
 - Level 1.3(0.8) Stealth
 * Level 7.3(6.8) Evocations


You had 14 spell levels left.
You didn't know any spells.
Your spell library contained the following spells:

 Spells                   Type           Power        Failure   Level  Hunger
 Summon Small Mammal      Summ           #...         99%         1    ##.....
 Call Imp                 Summ           #.......     100%        2    ###....
 Call Canine Familiar     Summ           #.......     100%        3    ####...
 Summon Guardian Golem    Hex/Summ       #.......     100%        3    ####...
 Summon Ice Beast         Ice/Summ       #.......     100%        4    #####..
 Summon Lightning Spire   Summ/Air       #.......     100%        4    #####..
 Irradiate                Conj/Tmut      #.........   100%        5    ######.
 Hydra Form               Tmut           #.........   100%        6    #######
 Statue Form              Tmut/Erth      #........    100%        6    #######
 Dragon Form              Tmut           #.........   100%        7    #######


Dungeon Overview and Level Annotations

Branches:
Dungeon (12/15)            Temple (1/1) D:7            Lair (6/6) D:10
  Swamp (0/4) Lair:3        Snake (0/4) Lair:2        Slime (0/5) Lair:5
    Orc: D:9-12

Altars:
Ashenzari
Dithmenos
Elyvilon
Fedhas
Hepliaklqana
Kikubaaqudgha
Nemelex Xobeh
Trog
Uskayaw

Portals:
Trove: D:11 (give +3 shadow dragon scales)

Annotations:
D:6 Sigmund
D:7 2 runed translucent doors, LePi's ghost, novice DECj
D:12 Azrael


Innate Abilities, Weirdness & Mutations

You are small and have problems with some larger weapons.
You are carnivorous and can eat meat at any time.
You are partially covered in molten scales. (AC +2)
Your muscles are strong. (Str +2)


Message History

Azrael hits you with a +0 scimitar of flaming!
Azrael burns you.
You completely miss Azrael.
Azrael is almost dead.
You hit Azrael but do no damage.
Azrael is almost dead.
Azrael barely misses you.
You hit Azrael but do no damage.
Azrael is almost dead.
Your chain mail of the Past prevents you from hitting Azrael.
Azrael is almost dead.
You hit Azrael.
Azrael is almost dead.
Azrael gestures at you.
The sphere of damnation explodes!
The damnation engulfs you!!!
* * * LOW HITPOINT WARNING * * *
The damnation engulfs Azrael.
Azrael completely resists.
The deep elf mage gestures at you while chanting.
The bolt of negative energy hits you.
You feel drained.
You die...

#......#
#......#
#..>...#.
#........
#........
#........
#R.......
#@# #.#
#.. #...
#....
#....e
#......
#..####.


You could see Azrael and a deep elf mage.

Vanquished Creatures
  Gastronok (Lair:1)
  Josephine (Lair:5)
  A centaur warrior (D:8)
  3 hydras
  Erica (Lair:1)
  2 two-headed ogres
  7 death yaks
  Urug (Lair:3)
  An unseen horror (D:8)
  A wolf spider (Lair:6)
  A manticore (D:11)
  An ice statue (IceCv)
  4 molten gargoyles (D:9)
  A guardian serpent (Lair:6)
  10 black mambas
  2 rime drakes
  15 spiny frogs
  7 ice devils (IceCv)
  4 komodo dragons
  2 hornets (Lair:6)
  A slime creature (D:8)
  A polar bear (shapeshifter) (D:8)
  11 hippogriffs
  2 bog bodies (Lair:3)
  15 dream sheep
  12 blink frogs
  A spriggan (D:7)
  3 redbacks (Lair:6)
  A vampire (D:11)
  2 shadows
  2 fire elementals
  3 wraiths (Lair:5)
  8 wyverns (Lair:6)
  A basilisk (Lair:6)
  Grum (D:10)
  17 yaks
  A hungry ghost (D:11)
  A vampire mosquito (D:8)
  Menkaure (D:7)
  A steam dragon (D:11)
  27 water moccasins
  3 hell hounds
  8 porcupines
  2 orc warriors (D:8)
  6 ice beasts (D:10)
  3 sky beasts
  4 phantoms
  3 black bears
  6 ogres
  3 centaurs
  2 wolves (D:10)
  13 crocodiles
  A big kobold (D:7)
  12 bullfrogs
  2 scorpions
  3 killer bees (D:9)
  17 wights
  2 howler monkeys (D:10)
  4 electric eels (D:10)
  3 crimson imps
  4 centaur zombies
  A quasit (D:9)
  15 jellies
  A lava snake (D:9)
  2 bullfrog zombies
  A centaur skeleton (D:5)
  6 hounds
  4 orc priests
  A bullfrog skeleton (D:7)
  Jessica (D:8)
  2 iguanas
  7 orc wizards
  5 worker ants
  4 hell rats (Lair:4)
  A hound zombie (D:6)
  A hound skeleton (D:4)
  Robin (D:3)
  A howler monkey skeleton (D:6)
  20 adders
  7 river rats
  14 white imps
  4 oozes (Lair:5)
  7 ufetubi (IceCv)
  A worm (D:5)
  2 dart slugs (D:3)
  7 leopard geckos
  22 orcs
  5 giant cockroaches
  21 goblins
  6 hobgoblins
  10 jackals
  6 quokkas
  A ball python (Lair:3)
  13 bats
  3 frilled lizards
  10 kobolds
  8 rats
500 creatures vanquished.

Vanquished Creatures (collateral kills)
  A hydra (D:11)
  An ice statue (IceCv)
  A gnoll sergeant (D:11)
  A wight (D:11)
  An orc priest (D:11)
  3 gnolls (D:11)
  3 white imps (D:11)
  4 orcs (D:11)
15 creatures vanquished.

Vanquished Creatures (others)
  A reaper (IceCv)
  A jelly (D:12)
  2 white imps (IceCv)
  7 ufetubi (IceCv)
  9 fungi
  2 plants (Lair:6)
22 creatures vanquished.

Grand Total: 537 creatures vanquished

Notes
Turn   | Place    | Note
-------+----------+-------------------------------------------
     0 | D:1      | cornflour the Kobold Berserker began the quest for the Orb.
     0 | D:1      | Reached XP level 1. HP: 14/14 MP: 1/1
    79 | D:1      | Reached XP level 2. HP: 16/19 MP: 2/2
   479 | D:1      | Reached XP level 3. HP: 21/24 MP: 3/3
  1203 | D:2      | Reached ** piety under Trog
  1203 | D:2      | Reached XP level 4. HP: 29/29 MP: 4/4
  1228 | D:2      | Reached skill level 4 in Fighting
  1291 | D:2      | Found a shattered altar of Ashenzari.
  1933 | D:3      | Found a white marble altar of Elyvilon.
  1942 | D:3      | Reached skill level 5 in Short Blades
  1942 | D:3      | Reached skill level 1 in Stealth
  2264 | D:3      | Found a faded altar of an unknown god.
  2276 | D:3      | Reached XP level 5. HP: 25/33 MP: 5/5
  2425 | D:4      | Reached XP level 6. HP: 19/39 MP: 6/6
  2619 | D:4      | Noticed an ogre
  2650 | D:3      | Reached skill level 5 in Fighting
  2650 | D:3      | Reached XP level 7. HP: 15/44 MP: 7/7
  2991 | D:3      | Noticed Robin
  3008 | D:3      | Reached skill level 5 in Dodging
  3028 | D:3      | Killed Robin
  3323 | D:4      | Reached *** piety under Trog
  3420 | D:5      | Entered Level 5 of the Dungeon
  3787 | D:4      | Reached XP level 8. HP: 51/51 MP: 8/8
  3839 | D:4      | Reached skill level 6 in Fighting
  3842 | D:4      | Found a blossoming altar of Fedhas.
  3899 | D:5      | Found a sparkling altar of Nemelex Xobeh.
  4083 | D:6      | Reached skill level 1 in Throwing
  4506 | D:6      | Noticed Sigmund
  4532 | D:6      | Reached skill level 7 in Fighting
  4563 | D:7      | Found a bloodstained altar of Trog.
  4581 | D:7      | Reached XP level 9. HP: 55/57 MP: 9/9
  4724 | D:7      | Noticed Menkaure
  4735 | D:7      | Killed Menkaure
  4735 | D:7      | Reached skill level 10 in Short Blades
  5030 | D:7      | Found a large runed translucent door.
  5281 | D:8      | Reached skill level 8 in Fighting
  5289 | D:8      | Reached **** piety under Trog
  5531 | D:7      | Found a large runed translucent door.
  5535 | D:7      | Noticed LePi's ghost (novice DECj)
  5627 | D:8      | Found a sparkling altar of Nemelex Xobeh.
  5627 | D:8      | Noticed Jessica
  5633 | D:8      | Killed Jessica
  5741 | D:7      | Found an ancient bone altar of Kikubaaqudgha.
  6095 | D:7      | Reached XP level 10. HP: 42/65 MP: 10/10
  6109 | D:7      | Found a staircase to the Ecumenical Temple.
  6115 | Temple   | Entered the Ecumenical Temple
  6240 | D:8      | Killed an unseen horror
  6240 | D:8      | Reached skill level 9 in Fighting
  6546 | D:8      | Found a white marble altar of Elyvilon.
  6642 | D:8      | Reached ***** piety under Trog
  6652 | D:8      | Received a gift from Trog
  6964 | D:8      | Reached skill level 10 in Fighting
  6999 | D:8      | Found a runed translucent door.
  6999 | D:8      | Found a runed translucent door.
  6999 | D:8      | Noticed a centaur warrior
  7014 | D:8      | Killed a centaur warrior
  7393 | D:8      | Noticed a two-headed ogre
  7401 | D:8      | Killed a two-headed ogre
  7589 | D:8      | Found a shadowy altar of Dithmenos.
  7745 | D:8      | Noticed a rime drake
  7745 | D:8      | a polar bear changed into a rime drake
  7749 | D:8      | Reached XP level 11. HP: 73/73 MP: 11/11
  7750 | D:8      | Noticed a harpy
  7750 | D:8      | a rime drake changed into a harpy
  7757 | D:8      | Reached skill level 11 in Fighting
  7769 | D:8      | a harpy changed into a golden eye
  8193 | D:8      | Got a scorched chain mail
  8493 | D:10     | Entered Level 10 of the Dungeon
  8768 | D:9      | Received a gift from Trog
  8769 | D:9      | Got a brightly glowing dagger {god gift}
  8819 | D:9      | Identified the +10 dagger of Nofrenge {pierce, rElec rF+}
                  | (Trog gifted it to you on level 9 of the Dungeon)
  9207 | D:9      | Reached skill level 12 in Fighting
  9387 | D:9      | Reached skill level 10 in Dodging
  9419 | D:9      | Noticed a two-headed ogre
  9432 | D:9      | Killed a two-headed ogre
  9456 | D:9      | Identified the +7 chain mail of the Past {rPois MR+} (You
                  | found it on level 8 of the Dungeon)
  9668 | D:9      | Found a hide-covered altar of Uskayaw.
 10204 | D:11     | Found a frozen archway.
 10220 | D:11     | Noticed a four-headed hydra
 10269 | D:11     | Killed a four-headed hydra
 10320 | IceCv    | Entered an ice cave
 10751 | IceCv    | Killed a reaper
 11497 | IceCv    | Reached XP level 12. HP: 35/82 MP: 12/12
 12369 | IceCv    | Reached skill level 13 in Fighting
 13948 | D:10     | Found a staircase to the Lair.
 14171 | Lair:1   | Entered Level 1 of the Lair of Beasts
 14171 | Lair:1   | Noticed Grum
 14187 | D:10     | Killed Grum
 14279 | Lair:2   | Noticed a four-headed hydra
 14287 | Lair:2   | Killed a four-headed hydra
 14287 | Lair:2   | Received a gift from Trog
 14481 | Lair:1   | Noticed a six-headed hydra
 14494 | Lair:1   | Killed a six-headed hydra
 14569 | Lair:1   | Found the +5 robe of Night {Dark MR+ SInv}
 14667 | Lair:1   | Reached skill level 5 in Armour
 15034 | Lair:1   | Noticed Gastronok
 15053 | Lair:1   | Killed Gastronok
 15053 | Lair:1   | Reached skill level 14 in Fighting
 15125 | Lair:1   | Noticed Erica
 15145 | Lair:1   | Killed Erica
 15145 | Lair:1   | Reached XP level 13. HP: 90/90 MP: 13/13
 16054 | Lair:1   | Gained mutation: Your muscles are strong. (Str +2) [potion
                  | of mutation]
 16054 | Lair:1   | Gained mutation: You are partially covered in molten
                  | scales. (AC +2) [potion of mutation]
 16486 | Lair:2   | Found a staircase to the Snake Pit.
 16512 | Lair:2   | Reached skill level 1 in Evocations
 17132 | Lair:3   | Found a staircase to the Swamp.
 17353 | Lair:3   | Reached skill level 15 in Fighting
 17545 | Lair:3   | Found a hazy altar of Hepliaklqana.
 17550 | Lair:3   | Noticed Urug
 17572 | Lair:3   | Killed Urug
 18002 | Lair:3   | Received a gift from Trog
 19267 | Lair:5   | Found a staircase to the Slime Pits.
 19279 | Lair:5   | Received a gift from Trog
 19556 | Lair:6   | Entered Level 6 of the Lair of Beasts
 19655 | Lair:5   | Noticed Josephine
 19672 | Lair:5   | Killed Josephine
 19672 | Lair:5   | Reached XP level 14. HP: 94/98 MP: 17/17
 19688 | Lair:5   | Received a gift from Trog
 20384 | Lair:5   | Reached skill level 5 in Evocations
 21566 | Lair:6   | Reached skill level 16 in Fighting
 22172 | Lair:6   | Reached ****** piety under Trog
 22179 | Lair:6   | Received a gift from Trog
 22180 | Lair:6   | Found the +5 pair of quick blades "Gyre" and "Gimble"
                  | {pierce, Dex-3}
 22936 | Lair:6   | Got a pair of jewelled gloves
 22942 | Lair:6   | Identified the cursed -6 pair of gloves of Qocaick {rElec
                  | rC- Str+4} (You found it on level 6 of the Lair of Beasts)
 23537 | D:11     | Reached XP level 15. HP: 94/104 MP: 18/20
 23705 | D:11     | Found a portal to a secret trove of treasure.
 24048 | D:11     | Reached skill level 10 in Armour
 24107 | D:12     | Noticed Azrael
 24191 | D:12     | HP: 1/105 [Azrael/damnation (32)]
 24191 | D:12     | Killed from afar by a deep elf mage

Skill      XL: |  1  2  3  4  5  6  7  8  9 10 11 12 13 14 15 |
---------------+----------------------------------------------+-----
Dodging        | 3 4 5 6 7 9 10 11 12 | 12.3
Fighting       | 4 5 7 8 10 12 14 15 16 | 16.4
Short Blades   | 5 6 8 9 11 12 13 14 | 14.2
Stealth        | 1 |  1.3
Throwing       | 1 2 |  2.2
Armour         | 2 5 8 9 10 | 10.0
Evocations     | 4 7 |  7.3
Maces & Flails | |  0.9

Action                   |  1- 3 |  4- 6 |  7- 9 | 10-12 | 13-15 || total
-------------------------+-------+-------+-------+-------+-------++-------
Melee: Short sword       |    95 |   161 |   452 |   321 |       ||  1029
       Mace              |       |       |     8 |     5 |       ||    13
       Dagger            |       |       |       |   545 |  1281 ||  1826
       Scimitar          |       |       |       |       |    23 ||    23
Throw: Stone             |       |       |    23 |       |       ||    23
       Tomahawk          |       |       |       |     1 |     1 ||     2
Invok: Berserk           |       |     3 |     5 |    12 |     3 ||    23
       Trog's Hand       |       |     1 |       |       |       ||     1
       Brothers in Arms  |       |       |       |     3 |       ||     3
  Use: Scroll            |       |       |     2 |       |    11 ||    13
       Potion            |       |       |       |       |     8 ||     8
 Stab: Sleeping          |     2 |     2 |     3 |     2 |       ||     9
       Distracted        |       |     1 |       |     1 |       ||     2
  Eat: Chunk             |     9 |     4 |    20 |    33 |    35 ||   101
       Ration            |       |       |       |     4 |       ||     4
Armor: Animal skin       |    14 |    32 |    28 |       |       ||    74
       Robe              |       |       |    26 |    24 |       ||    50
       Chain mail        |       |       |       |   120 |   302 ||   422
Dodge: Dodged            |    66 |   119 |   305 |   395 |   632 ||  1517
       Rpst.: Scimitar   |       |       |       |       |     4 ||     4
